 Dungeon Crawl Stone Soup version 0.21.0-37-g46506fa (webtiles) character file.

595 resurtm2 the Skirmisher (level 7, -6/64 HPs)
             Began as a Minotaur Berserker on Jan 30, 2018.
             Was a Priest of Trog.
             Mangled by an orc warrior
             ... wielding a +0 halberd
              (16 damage)
             ... on level 4 of the Dungeon.
             The game lasted 00:10:43 (2915 turns).

resurtm2 the Skirmisher (Minotaur Berserker)        Turns: 2915, Time: 00:10:44

Health: -6/64      AC:  7    Str: 23    XL:     7   Next: 17%
Magic:  6/6        EV:  8    Int:  4    God:    Trog [***...]
Gold:   200        SH:  9    Dex: 10    Spells: 6/6 levels left

rFire    . . .     SeeInvis .   a - +0 mace
rCold    . . .     Gourm    .   x - +2 shield
rNeg     . . .     Faith    .   j - +0 scale mail
rPois    .         Spirit   .   (helmet restricted)
rElec    .         Reflect  .   (no cloak)
rCorr    .         Harm     .   (no gloves)
MR       +....                  (no boots)
Stlth    +.........             q - amulet of regeneration
HPRegen  0.60/turn              r - ring of stealth
MPRegen  0.10/turn              o - ring of protection from magic

@: berserk cooldown, slowed, very slow
A: retaliatory headbutt, horns 2
a: Berserk, Trog's Hand, Burn Spellbooks, Renounce Religion


You were on level 4 of the Dungeon.
You worshipped Trog.
Trog was most pleased with you.
You were very hungry.

You visited 1 branch of the dungeon, and saw 4 of its levels.

You collected 200 gold pieces.

Inventory:

Hand Weapons
 a - a +0 mace (weapon)
Missiles
 h - 141 stones (quivered)
Armour
 j - a +0 scale mail (worn)
 x - a +2 shield (worn)
Jewellery
 o - a ring of protection from magic (right hand)
 p - a +4 ring of intelligence
 q - an amulet of regeneration (around neck)
 r - a ring of stealth (left hand)
 B - an uncursed amulet of magic regeneration
 C - an uncursed ring of protection from cold
Wands
 u - a wand of digging (12)
 w - a wand of iceblast (18)
Scrolls
 b - a scroll of remove curse
 e - 3 scrolls of blinking
 k - a scroll of fear {unknown}
 l - 3 scrolls of teleportation {unknown}
 n - a scroll of amnesia {unknown}
 y - a scroll of noise {unknown}
Potions
 d - a potion of berserk rage
 g - a potion of ambrosia {unknown}
 i - a potion of magic {unknown}
 m - a potion of heal wounds {unknown}
 t - a potion of might {unknown}
 z - a potion of flight {unknown}
 A - a potion of agility {unknown}
Books
 s - a book of Air

   Spells                             Type                      Level
   a - Shock                          Conjuration/Air              1
   b - Swiftness                      Charms/Air                   2
   c - Static Discharge               Conjuration/Air              3
   d - Airstrike                      Air                          4
   e - Lightning Bolt                 Conjuration/Air              5
   Trog disapproves of the use of such an item.
 v - a book of Changes

   Spells                             Type                      Level
   a - Beastly Appendage              Transmutation                1
   b - Sticks to Snakes               Transmutation                2
   c - Spider Form                    Transmutation/Poison         3
   d - Ice Form                       Ice/Transmutation            4
   e - Blade Hands                    Transmutation                5
   Trog disapproves of the use of such an item.
Comestibles
 c - 10 rations
 f - a chunk of flesh


   Skills:
 * Level 6.5 Fighting
 * Level 6.4 Maces & Flails
 + Level 4.4 Armour
 + Level 3.9 Dodging


You had 6 spell levels left.
You didn't know any spells.

Dungeon Overview and Level Annotations

Branches:
Dungeon (4/15)             Temple (0/1) D:4

Altars:
Gozag

Annotations:
D:3 Natasha


Innate Abilities, Weirdness & Mutations

You reflexively headbutt those who attack you in melee.
You have a pair of horns on your head.


Message History

You feel the effects of Trog's Hand fading.
The orc throws a stone.
The stone hits you but does no damage. You block the orc warrior's attack.
The orc throws a stone.
The stone hits you but does no damage.
You hit the orc warrior but do no damage.
The orc warrior is moderately wounded.
You block the orc warrior's attack.
The orc throws a stone.
You block the stone.
The orc warrior hits you with a halberd.
The orc throws a stone.
The stone hits you.
You hit the orc warrior but do no damage.
The orc warrior is moderately wounded.
Your skin stops crawling.
You feel less resistant to hostile enchantments.
The orc warrior hits you with a halberd!!
* * * LOW HITPOINT WARNING * * *
The orc throws a stone.
The stone barely misses you.
An orc wizard comes into view. It is wielding a dagger.
The orc warrior hits you from afar with a halberd!
You die...

.# #. .##. .#. .. #.
############ #.
#..(.......###### ###.
#..o(@..........###..)
#..#(##########.##..#.
#. #o$# #.##.##.
##[..# #.#..#.##.
##....# #8.....#.
#o..# ##.....#. ...#
#....... .8..#
#.....#. ..## #.......


You could see an orc warrior and an orc wizard.

Vanquished Creatures
  Grinder (D:3)
  Edmund (D:4)
  A hound (D:4)
  2 orc priests (D:4)
  Terence (D:2)
  Natasha (D:3)
  2 worker ants (D:4)
  Robin (D:2)
  An adder (D:2)
  An ooze (D:1)
  4 worms
  2 dart slugs (D:1)
  A leopard gecko (D:1)
  5 orcs (D:4)
  2 ball pythons
  3 giant cockroaches
  12 goblins
  10 hobgoblins
  2 jackals (D:2)
  A quokka (D:3)
  5 bats
  5 frilled lizards
  7 kobolds
  5 rats
76 creatures vanquished.

Notes
Turn   | Place    | Note
-------+----------+-------------------------------------------
     0 | D:1      | resurtm2 the Minotaur Berserker began the quest for the Orb.
     0 | D:1      | Reached XP level 1. HP: 19/19 MP: 0/0
   124 | D:1      | Reached XP level 2. HP: 27/27 MP: 1/1
   368 | D:1      | Reached ** piety under Trog
   480 | D:1      | Reached XP level 3. HP: 31/33 MP: 2/2
   589 | D:2      | Noticed Terence
   598 | D:2      | Killed Terence
  1257 | D:2      | Noticed Robin
  1263 | D:2      | Reached XP level 4. HP: 41/41 MP: 3/3
  1269 | D:2      | Killed Robin
  2034 | D:3      | Noticed Natasha
  2043 | D:3      | Killed Natasha
  2043 | D:3      | Reached skill level 5 in Fighting
  2066 | D:3      | Noticed Natasha
  2191 | D:3      | Reached XP level 5. HP: 44/48 MP: 4/4
  2207 | D:3      | Found an opulent altar of Gozag.
  2240 | D:3      | Noticed Grinder
  2251 | D:3      | Killed Grinder
  2251 | D:3      | Reached skill level 5 in Maces & Flails
  2251 | D:3      | Reached XP level 6. HP: 43/57 MP: 5/5
  2712 | D:4      | Found a staircase to the Ecumenical Temple.
  2834 | D:4      | Reached *** piety under Trog
  2882 | D:4      | Noticed Edmund
  2891 | D:4      | Killed Edmund
  2891 | D:4      | Reached XP level 7. HP: 64/64 MP: 6/6
  2915 | D:4      | Mangled by an orc warrior

Skill      XL: |  1  2  3  4  5  6 |
---------------+-------------------+-----
Fighting       | 4 5 6 |  6.5
Maces & Flails | 4 5 6 |  6.4
Armour         | 3 4 |  4.4
Dodging        | 3 |  3.9

Action                   |  1- 3 |  4- 6 |  7- 9 || total
-------------------------+-------+-------+-------++-------
Melee: Mace              |    65 |    99 |    15 ||   179
       Headbutt          |    12 |    17 |       ||    29
Invok: Berserk           |     1 |     2 |       ||     3
       Trog's Hand       |       |       |     1 ||     1
  Use: Scroll            |       |     5 |       ||     5
  Eat: Chunk             |     1 |     7 |       ||     8
Armor: Animal skin       |     2 |       |       ||     2
       Ring mail         |    16 |       |       ||    16
       Scale mail        |     4 |    37 |     7 ||    48
Dodge: Dodged            |    41 |    55 |     6 ||   102
Block: Shield            |       |     8 |    12 ||    20
